 Dungeon Crawl Stone Soup version 0.20-a0-1017-gc3250ce (webtiles) character file.

12780 dvd the Thaumaturge (level 11, -2/85 HPs)
             Began as a Red Draconian Ice Elementalist on Apr 16, 2017.
             Was a High Priest of Cheibriados.
             Slain by a white ugly thing (13 damage)
             ... on level 11 of the Dungeon.
             The game lasted 00:59:10 (11969 turns).

dvd the Thaumaturge (DrIE)                         Turns: 11969, Time: 00:59:12

Health: -2/85      AC: 17    Str: 22      XL:     11   Next: 66%
Magic:  17/24      EV: 16    Int: 27 (29) God:    Cheibriados [*****.]
Gold:   468        SH:  0    Dex: 21 (23) Spells: 8/28 levels left

rFire    + + .     SeeInvis +   j - +3 flail (freeze) (curse)
rCold    + . .     Gourm    .   (no shield)
rNeg     + . .     Faith    .   (armour unavailable)
rPois    .         Spirit   .   u - +2 hat {SInv}
rElec    +         Reflect  .   g - scarf {rC+}
rCorr    .         Harm     .   (no gloves)
MR       .....                  (no boots)
Stlth    +++.......             f - amulet of regeneration
Regen    0.7/turn               y - ring of positive energy
MPRegen  0.2/turn               t - ring of protection from fire

@: icy armour, short of breath, drained, very slow
A: breathe fire, unfitting armour, deterioration 1, fire resistance 1,
electricity resistance, cold-blooded, AC +7
a: Breathe Fire, Bend Time, Temporal Distortion, Slouch, Step From Time,
Renounce Religion


You were on level 11 of the Dungeon.
You worshipped Cheibriados.
Cheibriados was extremely pleased with you.
You were not hungry.

You visited 2 branches of the dungeon, and saw 12 of its levels.

You collected 567 gold pieces.
You spent 99 gold pieces at shops.

Inventory:

Hand Weapons
 h - a +3 dagger
 j - a cursed +3 flail of freezing (weapon)
 n - a +5 spear
 w - a +0 dagger of speed
 z - a +3 battleaxe of freezing
 C - a +4 battleaxe of freezing
 D - a cursed +0 short sword
 H - the +3 hunting sling of Ucsanwap {freeze, rC- Str+9 Int-3 SInv, unknown}
   (You found it on level 5 of the Dungeon)

   It causes projectiles fired from it to freeze those they strike, causing
   extra injury to most foes and up to half again as much damage against
   particularly susceptible opponents.
   They can also slow down cold-blooded creatures.
   It affects your strength (+9).
   It affects your intelligence (-3).
   It makes you vulnerable to cold.
   It lets you see invisible.
 J - a cursed +4 dagger of freezing
 K - a +0 morningstar of protection
Missiles
 s - 4 steel tomahawks (quivered)
Armour
 g - a scarf of cold resistance (worn)
 u - a +2 hat of see invisible (worn)
Jewellery
 f - an amulet of regeneration (around neck)
 r - an uncursed ring of protection from cold
 t - a ring of protection from fire (right hand)
 x - an uncursed amulet of magic regeneration
 y - a ring of positive energy (left hand)
 E - an uncursed ring of protection from cold
 I - an uncursed amulet of guardian spirit
 L - an uncursed ring of flight
 M - an uncursed ring of protection from cold
Wands
 d - a wand of lightning (4/15)
 p - a wand of flame (22/48)
 O - a wand of digging (10/24)
Scrolls
 c - 2 scrolls of identify
 e - a scroll of enchant armour
 q - a scroll of amnesia
 G - 2 scrolls of fog
Potions
 l - 2 potions of flight
 o - 3 potions of lignification
 N - 2 potions of heal wounds
 P - a potion of agility
Books
 a - a book of Frost

   Spells                             Type                      Level
   a - Freeze                         Ice                          1
   b - Throw Frost                    Conjuration/Ice              2
   c - Ozocubu's Armour               Charms/Ice                   3
   d - Throw Icicle                   Conjuration/Ice              4
   e - Summon Ice Beast               Ice/Summoning                4
 k - a book of Callings

   Spells                             Type                      Level
   a - Summon Small Mammal            Summoning                    1
   b - Call Imp                       Summoning                    2
   c - Call Canine Familiar           Summoning                    3
   d - Summon Guardian Golem          Hexes/Summoning              3
   e - Summon Lightning Spire         Summoning/Air                4
   f - Summon Ice Beast               Ice/Summoning                4
 B - a book of Conjurations

   Spells                             Type                      Level
   a - Magic Dart                     Conjuration                  1
   b - Searing Ray                    Conjuration                  2
   c - Dazzling Spray                 Conjuration/Hexes            3
   d - Fulminant Prism                Conjuration/Hexes            4
   e - Force Lance                    Conjuration/Translocation    4
   f - Iskenderun's Mystic Blast      Conjuration                  4
 F - a book of Misfortune

   Spells                             Type                      Level
   a - Confusing Touch                Hexes                        1
   b - Confuse                        Hexes                        3
   c - Gell's Gravitas                Translocation                3
   d - Petrify                        Transmutation/Earth          4
   e - Metabolic Englaciation         Hexes/Ice                    5
   f - Yara's Violent Unravelling     Hexes/Transmutation          5
Comestibles
 b - 7 bread rations
 i - a royal jelly
 v - a meat ration
 A - 2 fruits


   Skills:
 + Level 4.3(4.1) Fighting
 + Level 2.2(2.0) Maces & Flails
 + Level 6.2(6.1) Polearms
 + Level 5.5(5.3) Dodging
 + Level 4.5(4.4) Stealth
 + Level 0.2(0.0) Unarmed Combat
 + Level 9.2(9.0) Spellcasting
 + Level 4.1(3.9) Conjurations
 + Level 0.6(0.5) Hexes
 + Level 3.6(3.4) Charms
 + Level 2.5(2.3) Summonings
 + Level 7.8(7.6) Ice Magic
 * Level 5.4(5.2) Invocations


You had 8 spell levels left.
You knew the following spells:

 Your Spells              Type           Power        Failure   Level  Hunger
a - Freeze                Ice            ####         1%          1    None
b - Throw Frost           Conj/Ice       #####.       1%          2    None
c - Ozocubu's Armour      Chrm/Ice       #####...     1%          3    None
d - Throw Icicle          Conj/Ice       #####...     4%          4    #......
e - Dazzling Spray        Conj/Hex       ###...       10%         3    None
f - Summon Ice Beast      Ice/Summ       #####...     8%          4    #......
g - Call Canine Familiar  Summ           ###.....     6%          3    None


Dungeon Overview and Level Annotations

Branches:
Dungeon (11/15)            Temple (1/1) D:4            Lair (0/6) D:9
    Orc: D:9-12

Altars:
Ashenzari
Cheibriados
Dithmenos
Elyvilon
Fedhas
Gozag
Hepliaklqana
Kikubaaqudgha
Makhleb
Nemelex Xobeh
Okawaru
Qazlal
Ru
Sif Muna
Trog
Uskayaw
Vehumet
Wu Jian
Xom
Yredelemnul
Zin
The Shining One

Shops:
D:5 ?*%%   D:10 *


Innate Abilities, Weirdness & Mutations

You can breathe blasts of fire.
Your fiery red scales are hard. (AC +7)
You cannot fit into any form of body armour.
Your flesh is heat resistant. (rF+)
You are cold-blooded and may be slowed by cold attacks.
Your body sometimes deteriorates upon taking damage.
You are resistant to electric shocks. (rElec)


Message History

Aim: a white ugly thing (heavily wounded)
The spray of energy misses the white ugly thing.
Your hound bites the white ugly thing but does no damage.
The white ugly thing tentacle-slaps you!
The white ugly thing freezes you! You resist.
* * * LOW HITPOINT WARNING * * *
Your body deteriorates!
You feel dopey.
Unknown command.
Casting: Dazzling Spray
Confirm with . or Enter, or press ? or * to list all spells.
Aiming: Dazzling Spray
Press: ? - help, Shift-Dir - straight line, f/p - white ugly thing
Aim: a white ugly thing (heavily wounded)
The spray of energy hits the white ugly thing.
The white ugly thing is heavily wounded.
Your hound bites the white ugly thing but does no damage.
The white ugly thing tentacle-slaps you!
* * * LOW HITPOINT WARNING * * *
The white ugly thing freezes you! You resist.
You die...

#.#........ ..........
#.........# ..######..
###...####### #.#
#.............####.#
##..####### #......#
#........# ######..
##.#####.####......
########h##
#.........[#
#......u@.#
#####...##..
#.#######.# #.......
#.# #.).##.. ####[#
######.. #....# #.<.
###..#.#############..
≈.≈≈≈≈.≈.≈.≈≈..≈≈≈.≈≈≈≈
≈≈≈≈≈≈≈≈≈≈≈≈≈≈≈≈≈≈≈≈≈≈≈
≈≈≈≈≈≈≈≈≈≈≈≈≈≈≈≈≈≈≈≈≈≈≈


You could see a white ugly thing and a friendly hound.

Vanquished Creatures
  Gastronok (D:9)
  A two-headed ogre (D:9)
  Erolcha (D:11)
  An unseen horror (D:9)
  The ghost of Syneil the Destroyer, a novice DEFE of Vehumet (D:7)
  A cyclops (D:11)
  A troll (D:8)
  A hornet (D:8)
  2 hippogriffs
  Prince Ribbit (D:8)
  Sigmund (D:4)
  4 yaks (D:9)
  A wyvern (D:11)
  Grum (D:8)
  A water moccasin (D:9)
  An acid dragon (D:11)
  Duvessa (D:4)
  An orc warrior (D:11)
  6 phantoms
  11 ice beasts
  4 ogres
  2 necrophages
  3 wolves (D:8)
  6 centaurs
  5 bullfrogs
  A gnoll sergeant (D:8)
  Dowan (D:4)
  2 scorpions
  3 killer bees (D:11)
  8 wights
  12 howler monkeys
  5 crimson imps
  3 centaur zombies
  5 hounds
  5 orc wizards
  3 bullfrog skeletons
  9 orc priests
  2 centaur skeletons (D:5)
  3 jellies
  Jessica (D:3)
  An iguana (D:11)
  4 worker ants
  2 hound skeletons
  A howler monkey zombie (D:10)
  Robin (D:2)
  6 gnolls
  11 adders
  4 river rats (D:4)
  A shadow imp (D:7)
  3 oozes
  An adder zombie (D:7)
  4 worms
  A dart slug (D:1)
  6 leopard geckos
  15 orcs
  5 bats
  8 giant cockroaches
  11 goblins
  8 hobgoblins
  5 jackals (D:7)
  6 kobolds
  4 quokkas
  2 ball pythons
  A ball python skeleton (D:5)
  4 frilled lizards
  A leopard gecko zombie (D:5)
  8 rats
246 creatures vanquished.

Vanquished Creatures (collateral kills)
  Snorg (D:10)
  A two-headed ogre (D:10)
  A hungry ghost (D:7)
  An orc warrior (D:9)
  A worker ant (D:7)
  An orc (D:9)
6 creatures vanquished.

Grand Total: 252 creatures vanquished

Notes
Turn   | Place    | Note
-------+----------+-------------------------------------------
     0 | D:1      | dvd the Draconian Ice Elementalist began the quest for the Orb.
     0 | D:1      | Reached XP level 1. HP: 14/14 MP: 3/3
   225 | D:1      | Reached XP level 2. HP: 20/20 MP: 1/5
   497 | D:1      | Learned a level 2 spell: Throw Frost
   691 | D:1      | Reached XP level 3. HP: 26/26 MP: 4/6
   927 | D:1      | Learned a level 3 spell: Ozocubu's Armour
  1249 | D:2      | Found a faded altar of an unknown god.
  1261 | D:2      | Noticed Robin
  1264 | D:2      | Became a worshipper of Uskayaw the Reveler
  1264 | D:2      | Reached * piety under Uskayaw
  1267 | D:2      | Fell from the grace of Uskayaw
  1312 | D:2      | Killed Robin
  1312 | D:2      | Reached skill level 1 in Maces & Flails
  1312 | D:2      | Reached XP level 4. HP: 32/33 MP: 1/8
  1387 | D:2      | Found an opulent altar of Gozag.
  1577 | D:2      | Found a blossoming altar of Fedhas.
  1887 | D:3      | Reached skill level 3 in Spellcasting
  2020 | D:3      | Noticed Jessica
  2027 | D:3      | Killed Jessica
  2027 | D:3      | Reached XP level 5. HP: 38/38 MP: 5/9
  2060 | D:3      | Reached skill level 1 in Polearms
  2268 | D:3      | Found a glowing golden altar of the Shining One.
  2617 | D:3      | Reached XP level 6. HP: 27/46 MP: 0/11
  2722 | D:3      | Learned a level 4 spell: Throw Icicle
  2750 | D:4      | Noticed Sigmund
  2767 | D:4      | Killed Sigmund
  2767 | D:4      | Reached skill level 4 in Spellcasting
  2852 | D:4      | Found a staircase to the Ecumenical Temple.
  2852 | D:4      | Noticed Duvessa
  2855 | D:4      | Noticed Dowan
  2958 | D:4      | Found a shimmering altar of Xom.
  3037 | D:4      | Reached skill level 1 in Charms
  3048 | D:4      | Your scales start taking on a fiery red colour.
  3048 | D:4      | Reached XP level 7. HP: 51/51 MP: 5/13
  3048 | D:4      | Gained mutation: Your flesh is heat resistant. (rF+) [Red Draconian growth]
  3357 | D:4      | Found a sacrificial altar of Ru.
  3597 | D:4      | Killed Dowan
  3615 | D:4      | Killed Duvessa
  3712 | D:5      | Entered Level 5 of the Dungeon
  3805 | Temple   | Entered the Ecumenical Temple
  3888 | Temple   | Became a worshipper of Cheibriados the Contemplative
  3998 | D:5      | Found Sicec's Food Shop.
  4068 | D:5      | Found Waifaul's Food Boutique.
  4129 | D:5      | Found Sots's Assorted Antiques.
  4171 | D:5      | Got an ichor-stained hunting sling
  4185 | D:5      | Reached skill level 1 in Fighting
  4229 | D:5      | Paralysed by the fury of Uskayaw for 6 turns
  4243 | D:5      | Reached skill level 5 in Spellcasting
  4275 | D:5      | Found Mausehol's Magic Scroll Emporium.
  4437 | D:5      | Reached XP level 8. HP: 58/59 MP: 3/15
  4879 | D:6      | Reached skill level 5 in Ice Magic
  4902 | D:6      | Found an ornate altar of the Wu Jian Council.
  5057 | D:6      | Reached * piety under Cheibriados
  5477 | D:6      | Paralysed by the fury of Uskayaw for 4 turns
  5764 | D:6      | Learned a level 3 spell: Dazzling Spray
  6231 | D:7      | Learned a level 4 spell: Summon Ice Beast
  6253 | D:7      | Gained mutation: Your body sometimes deteriorates upon taking damage. [potion of mutation]
  6253 | D:7      | Gained mutation: You are resistant to electric shocks. (rElec) [potion of mutation]
  6439 | D:7      | Reached skill level 6 in Spellcasting
  6439 | D:7      | Reached XP level 9. HP: 67/67 MP: 13/18
  6456 | D:7      | Found a deep blue altar of Sif Muna.
  6566 | D:7      | Noticed Syneil's ghost (novice DEFE)
  6597 | D:7      | Killed Syneil's ghost
  6776 | D:7      | Learned a level 3 spell: Call Canine Familiar
  6828 | D:7      | Reached ** piety under Cheibriados
  7078 | D:7      | Was forgiven by Uskayaw
  7152 | D:8      | Noticed a troll
  7171 | D:8      | Killed a troll
  7343 | D:8      | Reached skill level 7 in Spellcasting
  7526 | D:5      | Bought a scroll of remove curse for 39 gold pieces
  7663 | D:8      | Noticed Prince Ribbit
  7672 | D:8      | Noticed Grum
  7682 | D:8      | Reached skill level 1 in Summonings
  7701 | D:8      | Killed Grum
  7738 | D:8      | Reached XP level 10. HP: 28/77 MP: 1/21
  7910 | D:8      | Killed Prince Ribbit
  7910 | D:8      | Reached skill level 5 in Polearms
  8114 | D:8      | Reached *** piety under Cheibriados
  8174 | D:8      | Paralysed by a hornet for 3 turns
  8180 | D:8      | Paralysed by a hornet for 3 turns
  8186 | D:8      | Paralysed by a hornet for 3 turns
  8436 | D:8      | Paralysed by a hornet for 2 turns
  8920 | D:9      | Found a staircase to the Lair.
  9164 | D:9      | Reached **** piety under Cheibriados
  9215 | D:9      | Noticed a two-headed ogre
  9234 | D:9      | Reached skill level 1 in Invocations
  9609 | D:9      | Noticed a two-headed ogre
  9615 | D:9      | Killed a two-headed ogre
  9615 | D:9      | Reached skill level 5 in Dodging
  9615 | D:9      | Reached skill level 8 in Spellcasting
  9738 | D:9      | Noticed Gastronok
  9912 | D:9      | Killed Gastronok
  9934 | D:9      | Noticed an unseen horror
  9940 | D:9      | Killed an unseen horror
  9940 | D:9      | Reached XP level 11. HP: 33/83 MP: 9/23
 10203 | D:10     | Entered Level 10 of the Dungeon
 10203 | D:10     | Found Siovabbaesch's General Store.
 10209 | D:10     | Bought a potion of heal wounds for 60 gold pieces
 10238 | D:10     | Noticed Snorg
 10246 | D:10     | Killed Snorg
 10387 | D:10     | Noticed a two-headed ogre
 10394 | D:10     | Killed a two-headed ogre
 11114 | D:11     | Noticed Erolcha
 11127 | D:11     | Killed Erolcha
 11176 | D:11     | Reached ***** piety under Cheibriados
 11190 | D:11     | Reached skill level 5 in Invocations
 11195 | D:11     | Reached skill level 9 in Spellcasting
 11622 | D:11     | Noticed a white ugly thing
 11969 | D:11     | Slain by a white ugly thing

Vault maps used:
D:1:      dpeg_arrival_tiny_j
D:2:      fedhas_altar_4, nicolae_gozag_cash_rules_everything_around_me,
          chequers_ecumenical_altar_island, uniq_robin
D:3:      overflow_temple_1_default, first_bread, uniq_jessica
D:4:      lemuel_round_altar, minmay_temple_entry_steel_oval,
          lightli_sewer_entry_pipes, nicolae_ru_path_of_blood, uniq_sigmund,
          uniq_duvessa
D:5:      serial_shops, shop, shop_statue,
          nicolae_shop_competitors_out_of_business, nicolae_shop_behind_doors,
          kennysheep_decorative_pillar
D:6:      basic_altar
D:7:      lemuel_blue_sif_altar
D:8:      enter_ossuary_1, uniq_grum, uniq_prince_ribbit1
D:9:      lair_entry_dummy, minmay_misc_feat_columns, uniq_gastronok
D:10:     serial_shops, shop, uniq_snorg
D:11:     minmay_ice_pillars, uniq_erolcha
Temple:   minmay_crystal_spiral_temple

Skill      XL: |  1  2  3  4  5  6  7  8  9 10 11 |
---------------+----------------------------------+-----
Stealth        | 2 3 4 |  4.5
Maces & Flails | 1 2 |  2.2
Dodging        | 2 3 4 5 |  5.5
Spellcasting   | 3 4 5 6 7 8 9 |  9.2
Ice Magic      | 4 5 6 7 |  7.8
Polearms       | 1 2 4 5 6 |  6.2
Charms         | 1 2 3 |  3.6
Fighting       | 1 2 3 4 |  4.3
Conjurations   | 2 3 4 |  4.1
Summonings     | 1 2 |  2.5
Invocations    | 3 5 |  5.4
Unarmed Combat | |  0.2
Hexes          | |  0.6

Action                   |  1- 3 |  4- 6 |  7- 9 | 10-12 || total
-------------------------+-------+-------+-------+-------++-------
Melee: Unarmed           |    55 |       |       |       ||    55
       Tailslap          |     9 |     5 |    29 |    48 ||    91
       Whip              |     4 |       |       |       ||     4
       Spear             |    27 |    70 |   317 |   204 ||   618
       Flail             |       |       |       |    55 ||    55
 Cast: Freeze            |    35 |    33 |    55 |    60 ||   183
       Throw Frost       |     4 |    17 |    36 |    88 ||   145
       Ozocubu's Armour  |     1 |     6 |    26 |    39 ||    72
       Throw Icicle      |       |       |     6 |     8 ||    14
       Call Canine Famil |       |       |     4 |     7 ||    11
       Summon Ice Beast  |       |       |     2 |    14 ||    16
       Dazzling Spray    |       |       |     1 |    16 ||    17
Invok: Renounce Religion |     1 |       |       |       ||     1
       Step From Time    |       |       |       |     1 ||     1
       Slouch            |       |       |       |     1 ||     1
 Abil: Breathe Fire      |       |       |    16 |    17 ||    33
Evoke: Wand              |       |       |       |     1 ||     1
  Use: Scroll            |       |     4 |     8 |     9 ||    21
       Potion            |       |       |    13 |     4 ||    17
 Stab: Sleeping          |     3 |     3 |     4 |     2 ||    12
       Distracted        |       |       |     1 |       ||     1
  Eat: Chunk             |     2 |     7 |    15 |     7 ||    31
       Royal jelly       |       |       |     1 |     3 ||     4
Armor: Skin              |    45 |    21 |   142 |   119 ||   327
Dodge: Dodged            |    76 |    45 |   176 |   193 ||   490
